 Dungeon Crawl Stone Soup version 0.30-a0-305-g026cb31310 (webtiles) character file.

Game seed: 11917764230341425491

99 purpskrrrp the Shooter (level 4, 0/34 HPs)
             Began as a Barachi Hunter on Oct 22, 2022.
             Killed from afar by an orc wizard (7 damage)
             ... with a puff of flame
             ... on level 3 of the Dungeon.
             The game lasted 00:02:22 (1720 turns).

purpskrrrp the Shooter (Barachi Hunter)             Turns: 1720, Time: 00:02:22

Health: 0/34       AC:  3    Str: 12    XL:     4   Next: 72%
Magic:  4/4        EV: 12    Int:  9    God:
Gold:   126        SH:  0    Dex: 18    Spells: 3/3 levels left

rFire   . . .      SeeInvis .    d - +2 arbalest (flame)
rCold   . . .      Faith    .    (shield currently unavailable)
rNeg    . . .      Spirit   .    c - +0 leather armour
rPois   .          Reflect  .    (no helmet)
rElec   .          Harm     .    (no cloak)
rCorr   .          Rampage  .    (no gloves)
Will    .....                    (no boots)
Stlth   +.........               (no amulet)
HPRegen 0.25/turn                (no ring)
MPRegen 0.09/turn                (no ring)

@: confused, slow
A: amphibious, slowness 1, strong legs 1, +LOS
a: Hop


You were on level 3 of the Dungeon.
You visited 1 branch of the dungeon, and saw 3 of its levels.

You collected 126 gold pieces.

Inventory:

Hand Weapons
 a - a +0 shortbow
 d - a +2 arbalest of flaming (weapon)
Armour
 c - a +0 leather armour (worn)
Jewellery
 j - a +6 ring of strength
 l - a +6 ring of intelligence
Scrolls
 b - 2 scrolls of immolation
 i - a scroll of vulnerability {unknown}
 k - a scroll of enchant weapon {unknown}
 n - a scroll of poison {unknown}
 o - a scroll of identify
Potions
 e - 2 potions of degeneration
 f - a potion of brilliance {unknown}
 g - 2 potions of attraction
 h - a potion of ambrosia
 m - a potion of lignification {unknown}
 p - a potion of curing {unknown}


   Skills:
 - Level 2.6 Fighting
 + Level 5.7 Ranged Weapons
 - Level 2.3 Dodging
 - Level 1.1 Stealth


You had 3 spell levels left.
You didn't know any spells.
Your spell library contained the following spells:

 Spells                   Type           Power      Damage    Failure   Level
 Malign Gateway           Summ/Tloc      0%         N/A       100%        7
 Summon Horrible Things   Summ           0%         N/A       100%        8


Dungeon Overview and Level Annotations

Branches:
Dungeon (3/15)

Altars:

Annotations:
D:1 2 runed translucent doors


Innate Abilities, Weirdness & Mutations

You are amphibious.
You cover ground slowly.
You can hop short distances.
You have an extended range of vision and can be seen from far away.


Message History

You are too confused!
You are too confused!
You are too confused!
You are too confused!
You are too confused!
You are too confused!
You are too confused!
You are too confused!
You are too confused!
You are too confused!
You are too confused!
You are too confused!
You are too confused!
You are too confused!
You are too confused!
You are too confused!
You are too confused!
You are too confused!
The orc wizard attacks as you move away!
The orc wizard hits you but does no damage.
The orc wizard points at you and mumbles some strange words.
The magic dart hits you.
The orc priest mumbles some strange prayers to Beogh against you.
Beogh smites you! The orc barely misses you.
The orc priest casts a cantrip, but nothing happens.
The orc attacks as you move away! The orc hits you but does no damage.
The orc priest calls upon Beogh to heal the orc wizard.
The orc wizard's wounds heal themselves!
You bump into the rock wall.
The orc wizard hits you with a +0 dagger.
* * * LOW HITPOINT WARNING * * *
The orc hits you with a +0 club.
* * * LOW HITPOINT WARNING * * *
The orc closely misses you.
The orc wizard attacks as you move away!
The orc wizard hits you with a +0 dagger.
* * * LOW HITPOINT WARNING * * *
The orc wizard casts a spell at you. The puff of flame hits you!
You die...

##### ###...### .
....### ##....## #.
.....# ###...## .. #
..#.# ##....
#.#.#.#.# #########
..#..o#.#.# #.....# #
....o.....# #.###.# #
........oo###### #.#
#^# #
........o.@....# #.#
#.###
.........#####.####.#
#.... ##.†......
#......# #####
#......... ########
#...†...##. #...?...#
.# #####.### . #. #
#.


You could see an orc priest, an orc wizard and 3 orcs.

Vanquished Creatures
  An orc priest (D:3)
  An adder (D:2)
  A worm (D:2)
  3 dart slugs
  2 endoplasms
  4 giant cockroaches
  6 goblins
  4 hobgoblins
  3 jackals (D:2)
  5 quokkas
  5 ball pythons
  4 bats
  4 frilled lizards
  2 kobolds
  4 rats
49 creatures vanquished.

Notes
Turn   | Place    | Note
-------+----------+-------------------------------------------
     0 | D:1      | purpskrrrp the Barachi Hunter began the quest for the Orb.
     0 | D:1      | Reached XP level 1. HP: 17/17 MP: 1/1
    34 | D:1      | Reached skill level 1 in Stealth
    44 | D:1      | Found a large runed translucent door.
    44 | D:1      | Found a large runed translucent door.
    47 | D:1      | Noticed an orc warrior
    72 | D:1      | Reached XP level 2. HP: 23/23 MP: 2/2
   447 | D:1      | Reached XP level 3. HP: 26/28 MP: 3/3
   790 | D:1      | Identified a scroll of acquirement
   790 | D:1      | Acquired a +2 arbalest of flaming
   966 | D:2      | Reached skill level 5 in Ranged Weapons
  1173 | D:2      | Reached XP level 4. HP: 30/34 MP: 4/4
  1720 | D:3      | Killed from afar by an orc wizard

Illustrated notes

Levels and vault maps discovered:
D:1:      erik_arrival_cave_to_civilisation [erik_arrival_cave_to_temple],
          layout_basic, minivault_23
D:2:      minmay_recursive_quarters, layout_basic
D:3:      layout_basic, chequers_ecumenical_altar_twisty, uniq_grinder

Skill      XL: |  1  2  3 |
---------------+----------+-----
Stealth        | 1 |  1.1
Ranged Weapons | 5 |  5.7
Fighting       | |  2.6
Dodging        | |  2.3

Action                   |  1- 3 |  4- 6 || total
-------------------------+-------+-------++-------
 Fire: Shortbow          |    51 |       ||    51
       Arbalest          |    35 |    27 ||    62
  Use: Scroll            |     6 |       ||     6
Armor: Leather armour    |     2 |     5 ||     7
Dodge: Dodged            |    22 |     5 ||    27

Table legend: (Time is in decaauts)
 A = Elapsed time spent in this place.
 B = Non-inter-level travel time spent in this place.
 C = Inter-level travel time spent in this place.
 D = Time resting spent in this place.
 E = Time spent auto-exploring this place.
 F = Levels seen in this place.
 G = Mean time per level.
                   A        B        C        D        E       F      G
               +--------+--------+--------+--------+--------+-----+--------+
         Total |   2060 |   2020 |     40 |      0 |   1736 |   3 |  686.7 |
       Dungeon |   2060 |   2020 |     40 |      0 |   1736 |   3 |  686.7 |
               +--------+--------+--------+--------+--------+-----+--------+

Top non-repeatable levels by time:
     D:1: 938 daAuts
     D:2: 864 daAuts
     D:3: 257 daAuts
